 Dungeon Crawl Stone Soup version 0.18.1-6-gd335043 (webtiles) character file.

5189 imganon the Cleaver (level 10, 0/70 HPs)
             Began as a Demonspawn Berserker on May 20, 2016.
             Was a High Priest of Trog.
             Slain by a freezing wraith (1 damage)
             ... led by a death knight
             ... on level 8 of the Dungeon.
             The game lasted 00:09:23 (6995 turns).

imganon the Cleaver (Demonspawn Berserker)          Turns: 6995, Time: 00:09:24

Health: 0/70       AC: 14    Str: 21    XL:     10   Next: 34%
Magic:  0/10       EV:  6    Int:  9    God:    Trog [*****.]
Gold:   495        SH:  0    Dex: 12    Spells: 0 memorised, 9 levels left

rFire  . . .     SeeInvis .     G - +1 broad axe (flame)
rCold  . . .     Gourm    .     F - +0 plate armour
rNeg   . . .     Faith    .     (no shield)
rPois  .         Spirit   +     (no helmet)
rElec  .         Dismiss  .     y - +0 cloak
rCorr  .         Reflect  .     (no gloves)
SustAt .         Harm     .     (no boots)
MR     .....                    (no amulet)
Stlth  ..........               (no ring)
                                (no ring)

@: exhausted, slowed, very slow, not resistant to hostile enchantments,
extremely unstealthy
A: talons 2, thin metallic scales 2, spiny 1, magic shield, magic regeneration
a: Berserk, Trog's Hand, Brothers in Arms, Burn Spellbooks, Renounce Religion


You were on level 8 of the Dungeon.
You worshipped Trog.
Trog was extremely pleased with you.
You were very hungry.

You visited 2 branches of the dungeon, and saw 9 of its levels.
You also visited: Sewer and Ossuary.

You collected 495 gold pieces.

Inventory:

Hand Weapons
 G - a +1 broad axe of flaming (weapon)
Armour
 g - a +0 ring mail
 y - a +0 cloak (worn)
 F - a +0 plate armour (worn)
Jewellery
 p - an uncursed ring of fire
 C - an uncursed amulet of regeneration {unknown}
 H - a cursed ring of loudness {unknown}
 I - an uncursed ring of protection from fire {unknown}
Wands
 J - a wand of flame (11/48)
Scrolls
 d - 4 scrolls of recharging {unknown}
 h - 11 scrolls of identify {unknown}
 i - 5 scrolls of teleportation {unknown}
 j - a scroll of magic mapping {unknown}
 l - 2 scrolls of immolation {unknown}
 q - 3 scrolls of random uselessness {unknown}
 u - 3 scrolls of enchant armour {unknown}
 v - 2 scrolls of remove curse {unknown}
 w - 2 scrolls of enchant weapon {unknown}
 B - a scroll of fog {unknown}
 E - a scroll of noise {unknown}
 K - a scroll of amnesia {unknown}
Potions
 a - a potion of heal wounds {unknown}
 b - 3 potions of flight {unknown}
 e - 3 potions of degeneration {unknown}
 f - 3 potions of might {unknown}
 n - a potion of mutation {unknown}
 o - a potion of berserk rage {unknown}
 r - a potion of cure mutation {unknown}
 x - 8 potions of curing {unknown}
 z - 3 potions of cancellation {unknown}
 A - 2 potions of brilliance {unknown}
 D - a potion of resistance {unknown}
 L - 2 potions of ambrosia {unknown}
Comestibles
 c - 9 bread rations
 k - a meat ration
 m - 4 beef jerkies
 s - 7 fruits
 t - 9 slices of pizza
 M - 3 chunks of flesh


   Skills:
 - Level 3.0 Fighting
 + Level 13.8 Axes
 - Level 1.7 Armour
 - Level 1.7 Dodging


You had 9 spell levels left.
You didn't know any spells.

Dungeon Overview and Level Annotations

Branches:
Dungeon (8/15)             Temple (1/1) D:5            Lair (0/8) D:8

Altars:
Ashenzari
Dithmenos
Fedhas
Kikubaaqudgha
Nemelex Xobeh
Okawaru
Ru
Sif Muna
Trog
Vehumet
Yredelemnul
The Shining One


Innate Abilities, Weirdness & Mutations

You have razor-sharp toenails.
You are mostly covered in thin metallic scales (AC +3).
You are partially covered in sharp spines.
When hurt, damage is shared between your health and your magic reserves.
You regenerate magic rapidly.


Message History

You are no longer berserk.
Trog's vigour flows through your veins.
You are exhausted.
You feel yourself slow down.
You are feeling very hungry.
The freezing wraith is struck by your spines.
The freezing wraith hits you but does no damage. x2
Unknown command.
Unknown command.
Unknown command.
Unknown command.
Unknown command.
You closely miss the freezing wraith. Your kick misses the freezing wraith.
The freezing wraith is severely damaged.
Your plate armour prevents you from hitting the wraith.
The wraith is moderately damaged.
The wraith hits you but does no damage.
The freezing wraith is struck by your spines.
The freezing wraith hits you.
You die...

......##.#....##.# ##.#
#.....†..
##....##.#....##.#
#.###...P...)
##....##.+....##.#
#..##......))
......####.... #.#
#..##....PPP. ###....#
#....##PP #(..#...PPPPP #
#....#
#...##.P####(#.##..PPP.. #
#....#
#...#P.._#..<#..#P.†P†.P #
#....#
#..)#...W#......#P.P.PPP #
######
#..)'.⌠@W.........PPP.PP #
#...#...)#..........PP.P #
#...#..._..........P.P.P #
.....##P.#P..........P.PP
........####...#####....PPP
...##.### #...# #.#...P.
..# .. #...#####...P..P .#
... ####.......#.P..
#######.......#...P


You could see a freezing wraith and a wraith.

Vanquished Creatures
  A death knight (D:8)
  The ghost of Chiseanne the Nimble, a novice SpHu of Gozag (D:8)
  A freezing wraith (D:8)
  The ghost of georgeearnest the Chopper, an amateur HOGl (D:6)
  A wraith (Ossuary)
  A spriggan (D:8)
  Menkaure (D:7)
  Duvessa (D:5)
  A water moccasin (D:7)
  5 orc warriors
  2 centaurs
  6 giant frogs
  2 gnoll sergeants
  A wyvern zombie (D:8)
  A water moccasin skeleton (D:7)
  A scorpion (D:4)
  Dowan (D:5)
  2 howler monkeys
  5 wights (D:8)
  A crimson imp (D:4)
  2 centaur skeletons
  3 hounds
  8 orc wizards
  2 giant frog skeletons
  2 iguanas
  7 worker ants
  2 hound zombies (D:8)
  A mummy (Ossuary)
  A howler monkey zombie (D:8)
  A worker ant zombie (D:5)
  8 gnolls
  A river rat (D:8)
  9 adders
  2 shadow imps
  16 oozes
  An adder zombie (D:7)
  2 adder skeletons
  2 worms
  5 dart slugs
  17 giant geckos
  33 orcs
  19 giant cockroaches
  3 goblins (D:2)
  6 hobgoblins
  10 jackals
  3 quokkas
  12 ball pythons
  13 bats
  20 giant newts
  7 gnoll skeletons (Ossuary)
  4 kobolds
  5 kobold skeletons (Ossuary)
  13 orc skeletons (Ossuary)
  A quokka skeleton (D:5)
  A quokka zombie (D:6)
  12 rats
  2 fungi (D:8)
  2 plants (D:8)
294 creatures vanquished.

Vanquished Creatures (others)
  8 fungi (D:8)
  4 plants (D:8)
12 creatures vanquished.

Grand Total: 306 creatures vanquished

Notes
Turn   | Place    | Note
--------------------------------------------------------------
     0 | D:1      | imganon the Demonspawn Berserker began the quest for the Orb.
     0 | D:1      | Reached XP level 1. HP: 18/18 MP: 1/1
   289 | D:1      | Reached skill level 3 in Axes
   357 | D:1      | Gained mutation: You have sharp toenails. [demonic ancestry]
   357 | D:1      | Reached XP level 2. HP: 22/24 MP: 2/2
   826 | D:2      | Gained mutation: You are partially covered in sharp spines. [demonic ancestry]
   826 | D:2      | Reached XP level 3. HP: 26/29 MP: 3/3
   900 | D:2      | Reached ** piety under Trog
   944 | D:2      | Found a bloodstained altar of Trog.
   950 | D:2      | Reached skill level 4 in Axes
  1104 | D:2      | Found a basalt altar of Yredelemnul.
  1222 | D:2      | Found a blossoming altar of Fedhas.
  1548 | D:3      | Gained mutation: You have razor-sharp toenails. [demonic ancestry]
  1548 | D:3      | Reached XP level 4. HP: 35/35 MP: 4/4
  1606 | D:3      | Found an ancient bone altar of Kikubaaqudgha.
  1920 | D:4      | Found a sparkling altar of Nemelex Xobeh.
  1920 | D:4      | Found a glowing drain.
  1925 | D:4      | Reached *** piety under Trog
  1936 | Sewer    | Entered a sewer
  1948 | Sewer    | Reached skill level 5 in Axes
  2006 | Sewer    | Reached XP level 5. HP: 39/41 MP: 5/5
  2114 | Sewer    | Reached **** piety under Trog
  2162 | Sewer    | Reached skill level 6 in Axes
  2187 | Sewer    | Gained mutation: You are partially covered in thin metallic scales (AC +2). [demonic ancestry]
  2187 | Sewer    | Reached XP level 6. HP: 35/47 MP: 6/6
  2253 | D:4      | Found a shadowy altar of Dithmenos.
  2365 | D:4      | Reached skill level 7 in Axes
  2475 | D:4      | Found a shattered altar of Ashenzari.
  2505 | D:4      | Gained mutation: When hurt, damage is shared between your health and your magic reserves. [demonic ancestry]
  2505 | D:4      | Reached XP level 7. HP: 35/52 MP: 7/7
  2832 | D:5      | Entered Level 5 of the Dungeon
  2869 | D:5      | Reached ***** piety under Trog
  2927 | D:5      | Found an iron altar of Okawaru.
  2970 | D:5      | Noticed Dowan
  2972 | D:5      | Noticed Duvessa
  2980 | D:5      | Killed Dowan
  2980 | D:5      | Reached skill level 8 in Axes
  2984 | D:5      | Killed Duvessa
  3013 | D:5      | Found a staircase to the Ecumenical Temple.
  3531 | D:5      | Reached skill level 9 in Axes
  3531 | D:5      | Gained mutation: You regenerate magic rapidly. [demonic ancestry]
  3531 | D:5      | Reached XP level 8. HP: 58/58 MP: 6/8
  3726 | Temple   | Entered the Ecumenical Temple
  4131 | D:6      | Noticed georgeearnest's ghost (amateur HOGl)
  4141 | D:6      | Killed georgeearnest's ghost
  4141 | D:6      | Reached skill level 10 in Axes
  4398 | D:6      | Found a sparkling altar of Nemelex Xobeh.
  4946 | D:7      | Received a gift from Trog
  5074 | D:7      | Noticed Menkaure
  5079 | D:7      | Killed Menkaure
  5079 | D:7      | Reached skill level 11 in Axes
  5079 | D:7      | Reached XP level 9. HP: 57/63 MP: 9/9
  5319 | D:7      | Found a radiant altar of Vehumet.
  5557 | D:7      | Found a deep blue altar of Sif Muna.
  5917 | D:8      | Found a sand-covered staircase.
  5928 | Ossuary  | Entered an ossuary
  6051 | Ossuary  | Reached skill level 12 in Axes
  6176 | D:8      | Noticed Chiseanne's ghost (novice SpHu)
  6207 | D:8      | Killed Chiseanne's ghost
  6473 | D:8      | Found a glowing golden altar of the Shining One.
  6474 | D:8      | Found a sacrificial altar of Ru.
  6477 | D:8      | Found a shattered altar of Ashenzari.
  6487 | D:8      | Reached skill level 13 in Axes
  6489 | D:8      | Found a staircase to the Lair.
  6505 | D:8      | Gained mutation: You are mostly covered in thin metallic scales (AC +3). [demonic ancestry]
  6505 | D:8      | Reached XP level 10. HP: 61/70 MP: 8/10
  6979 | D:8      | Noticed a death knight
  6987 | D:8      | Killed a death knight
  6993 | D:8      | HP: 1/105 [wraith[a death knight] (6)]
  6995 | D:8      | Slain by a freezing wraith

Skill      XL: |  1  2  3  4  5  6  7  8  9 |
---------------+----------------------------+-----
Axes           | 3 4 5 6 7 9 11 13 | 13.8
Fighting       | |  3.0
Armour         | |  1.7
Dodging        | |  1.7

Action                   |  1- 3 |  4- 6 |  7- 9 | 10-12 || total
-------------------------+-------+-------+-------+-------++-------
Melee: Hand axe          |   106 |   141 |   160 |       ||   407
       Kick              |    20 |    25 |    85 |    26 ||   156
       Broad axe         |       |       |   159 |    52 ||   211
Invok: Berserk           |       |       |     7 |     2 ||     9
  Eat: Chunk             |     2 |     3 |    20 |     2 ||    27
       Fruit             |       |       |     1 |       ||     1
Armor: Ring mail         |    40 |    49 |    59 |       ||   148
       Animal skin       |     5 |       |       |       ||     5
       Plate armour      |       |       |    80 |    36 ||   116
Dodge: Dodged            |    95 |    72 |   108 |    12 ||   287
